 Dungeon Crawl Stone Soup version 0.32-a0-886-g41c5271027 (webtiles) character file.

Game seed: 4543852392042900035

2 KennySheep the Trooper (level 1, -1/18 HPs)
             Began as a Formicid Cinder Acolyte on Apr 3, 2024.
             Was a High Priest of Ignis.
             Slain by a quokka (4 damage)
             ... on level 1 of the Dungeon.
             The game lasted 00:00:20 (90 turns).

KennySheep the Trooper (Formicid Cinder Acolyte)      Turns: 90, Time: 00:00:20

Health: -1/18      AC:  2    Str: 18    XL:     1   Next: 44%
Magic:  2/2        EV: 10    Int: 13    God:    Ignis [*****.]
Gold:   0          SH:  0    Dex:  9    Spells: 2/2 levels left

rFire   + . .        a - -1 mace (flame)
rCold   . . .        (no shield)
rNeg    . . .        b - +0 robe
rPois   .            (helmet unavailable)
rElec   .            (no cloak)
rCorr   .            (no gloves)
SInv    +            (no boots)
Will    .....        (no amulet)
Stlth   +            (no ring)
HPRegen 0.23/turn    (no ring)
MPRegen 0.08/turn

%: no passive effects
@: no status effects
A: permanent stasis, dig shafts and tunnels, antennae 3, four strong arms
a: Dig, Shaft Self, Renounce Religion, Fiery Armour, Foxfire Swarm, Rising Flame


You were on level 1 of the Dungeon.
You worshipped Ignis.
Ignis was extremely pleased with you.
You visited 1 branch of the dungeon, and saw 1 of its levels.

Inventory:

Hand Weapons
 a - a -1 mace of flaming (weapon)
Armour
 b - a +0 robe (worn)
Scrolls
 c - a scroll of fear {unknown}


   Skills:
 + Level 3.3 Fighting
 * Level 3.1 Maces & Flails
 - Level 1.1 Spellcasting
 - Level 3.0 Fire Magic


You had 2 spell levels left.
You didn't know any spells.
Your spell library contained the following spells:

 Spells                   Type           Power      Damage    Failure   Level
 Scorch                   Fire           16%        2d5       12%         2


Dungeon Overview and Level Annotations

Branches:
Dungeon (1/15)

Altars:


Innate Abilities, Weirdness & Mutations

You cannot be hasted, slowed, berserked, paralysed or teleported.
You can dig through walls and to a lower floor.
You have a pair of large antennae on your head. (SInv)
Your four strong arms can wield two-handed weapons with a shield.


Message History

You closely miss the kobold. The kobold hits you but does no damage.
You completely miss the kobold. The kobold hits you with a +0 dagger.
You hit the goblin. You burn the goblin.
You kill the goblin!
The kobold closely misses you.
You hit the kobold but do no damage. The kobold misses you.
You hit the kobold. You burn the kobold.
You kill the kobold!
No target in view!
You see here 5 large rocks.
HP restored.
You sense a monster nearby.
A hobgoblin comes into view.
A hobgoblin is nearby!
A hobgoblin is nearby!
A hobgoblin is nearby!
You hit the hobgoblin. You burn the hobgoblin.
The hobgoblin is severely wounded.
The hobgoblin hits you.
You hit the hobgoblin. You burn the hobgoblin.
You kill the hobgoblin!
No target in view!
A ball python comes into view.
You see here a hobgoblin corpse.
A ball python is nearby!
A ball python is nearby!
A quokka comes into view.
The ball python bites you.
You closely miss the ball python. The ball python bites you.
The ball python closely misses you. The quokka bites you.
You closely miss the ball python. The ball python barely misses you. x2
The quokka closely misses you. The ball python bites you.
The ball python grabs you. The ball python constricts you.
You escape the ball python's grasp.
The quokka bites you.
* * * LOW HITPOINT WARNING * * *
The quokka misses you.
You see here a hobgoblin corpse.
The quokka attacks as it pursues you! The quokka bites you.
You die...
Ignis goes out, and joins you in death.

#..# #..# #..#
#..# # #..#
#.#.#..######## .
#.............# #
####.#..Sr.##.## #
#..#....##@# # #
#..#######.# ##.#
#..# #.# .. #..#
#.# # #..#######.#
#######..........#
......#.##########
#####.#.......#
..............#


You could see a quokka and a ball python.

Vanquished Creatures
  A hobgoblin (D:1)
  A goblin (D:1)
  A kobold (D:1)
3 creatures vanquished.

Notes
Turn   | Place    | Note
-------+----------+-------------------------------------------
     0 | D:1      | KennySheep the Formicid Cinder Acolyte began the quest for
                  | the Orb.
     0 | D:1      | Reached XP level 1. HP: 18/18 MP: 2/2
    90 | D:1      | Slain by a quokka

Illustrated notes

Levels and vault maps discovered:
D:1:      scummos_arrival_checkerplants, layout_basic, serial_corexii_hall,
          chequers_hall_statues_y, corexii_hall_statues_x

Action                     || total
---------------------------++-------
  Melee: Mace              ||     9
 Armour: Robe              ||    10
  Dodge: Dodged            ||     8

Table legend: (Time is in decaauts)
 A = Elapsed time spent in this place.
 B = Non-inter-level travel time spent in this place.
 C = Inter-level travel time spent in this place.
 D = Time resting spent in this place.
 E = Time spent auto-exploring this place.
 F = Levels seen in this place.
 G = Mean time per level.
                   A        B        C        D        E       F      G
               +--------+--------+--------+--------+--------+-----+--------+
         Total |     92 |     92 |      0 |      0 |     58 |   1 |   92.0 |
       Dungeon |     92 |     92 |      0 |      0 |     58 |   1 |   92.0 |
               +--------+--------+--------+--------+--------+-----+--------+

Top non-repeatable levels by time:
     D:1: 92 daAuts
